 Dungeon Crawl Stone Soup version 0.28.0-49-g6dfe1f597d (webtiles) character file.

Game seed: 1448710275917730501

3654 klau3 the Cleaver (level 9, -4/82 HPs)
             Began as a Minotaur Berserker on May 12, 2022.
             Was a Priest of Trog.
             Slain by Psyche
             ... wielding a +2 dagger of distortion
              (13 damage)
             ... on level 7 of the Dungeon on May 13, 2022.
             The game lasted 00:32:01 (7166 turns).

klau3 the Cleaver (Minotaur Berserker)              Turns: 7166, Time: 00:32:01

Health: -4/82      AC: 15    Str: 23    XL:     9   Next: 88%
Magic:  8/8        EV:  8    Int:  4    God:    Trog [***...]
Gold:   249        SH:  6    Dex: 19    Spells: 8/8 levels left

rFire   . . .      SeeInvis .   o - +4 hand axe
rCold   . . .      Faith    +   s - +0 buckler
rNeg    . . .      Spirit   .   k - +0 plate armour
rPois   .          Reflect  .   (helmet restricted)
rElec   .          Harm     .   (no cloak)
rCorr   .          Rampage  .   e - +0 pair of gloves
Will    ++...                   (no boots)
Stlth   ..........              m - amulet of faith
HPRegen 1.23/turn               q - +6 ring of dexterity
MPRegen 0.11/turn               (no ring)

@: lethally poisoned (-4 -> -5), strong-willed, on berserk cooldown,
regenerating, slowed, very slow
A: horns 2, retaliatory headbutt
a: Renounce Religion, Berserk, Trog's Hand


You were on level 7 of the Dungeon.
You worshipped Trog.
Trog was most pleased with you.
You visited 1 branch of the dungeon, and saw 8 of its levels.

You collected 249 gold pieces.

Inventory:

Hand Weapons
 a - a +0 hand axe
 o - a +4 hand axe (weapon)
Missiles
 B - a throwing net (quivered)
Armour
 b - a +0 animal skin
 e - a +0 pair of gloves (worn)
 i - a +0 leather armour
 k - a +0 plate armour (worn)
 s - a +0 buckler (worn)
 v - an orb of light
 D - a +0 plate armour
 E - a +0 robe of fire resistance
Jewellery
 m - an amulet of faith (around neck)
 q - a +6 ring of dexterity (left hand)
Wands
 u - a wand of iceblast (19)
 w - a wand of polymorph (1)
Scrolls
 c - 2 scrolls of fear {unknown}
 d - 11 scrolls of identify {unknown}
 h - a scroll of enchant armour {unknown}
 n - 2 scrolls of enchant weapon
 p - a scroll of noise {unknown}
 r - 3 scrolls of brand weapon {unknown}
 t - a scroll of immolation {unknown}
 y - a scroll of vulnerability {unknown}
 z - 4 scrolls of teleportation {unknown}
 A - a scroll of torment {unknown}
Potions
 f - 4 potions of curing {unknown}
 g - 2 potions of heal wounds {unknown}
 j - 2 potions of flight {unknown}
 l - a potion of ambrosia {unknown}
 x - a potion of attraction {unknown}
 C - a potion of brilliance {unknown}


   Skills:
 + Level 8.7 Fighting
 + Level 11.8 Axes
 + Level 8.0 Armour
 + Level 3.6 Dodging
 + Level 1.3 Stealth
 + Level 4.5 Shields
 + Level 0.4 Evocations


You had 8 spell levels left.
You didn't know any spells.
Your spell library was empty.

Dungeon Overview and Level Annotations

Branches:
Dungeon (8/15)             Temple (0/1) D:4
   Lair: D:8-11

Altars:
Uskayaw

Shops:
D:6 (

Annotations:
D:7 Psyche


Innate Abilities, Weirdness & Mutations

You have a pair of horns on your head.
You reflexively headbutt those who attack you in melee.


Message History

* * * LOW HITPOINT WARNING * * *
As you read the scroll labelled TIBOIT KISY, it crumbles to dust.
It is a scroll of enchant weapon.
Your +3 hand axe glows red for a moment.
Something hits you but does no damage. Space warps around you.
* * * LOW HITPOINT WARNING * * *
You hear some strange, mumbled words.
A swirling arc of seething chaos appears!
An arc of chaos appears from out of thin air!
The arc of chaos hits you!
You feel as though you will be slow longer.
The arc of chaos grounds out.
Your skin crawls.
You feel strong-willed.
You hear some strange, mumbled words.
A swirling arc of seething chaos appears!
An arc of chaos appears from out of thin air!
The arc of chaos hits you but does no damage.
You are poisoned.
Something hits you but does no damage. Space warps around you.
* * * LOW HITPOINT WARNING * * *
Your skin crawls.
You feel strong-willed.
You feel sick.
You hear some strange, mumbled words.
Something hits you but does no damage.
Unknown command.
Your skin crawls.
You feel strong-willed.
You feel sick. Something hits you.
* * * LOW HITPOINT WARNING * * *
Space warps around you.
* * * LOW HITPOINT WARNING * * *
Something hits you.
* * * LOW HITPOINT WARNING * * *
You blink.
You feel sick. Something hits you.
* * * LOW HITPOINT WARNING * * *
Space warps horribly around you!
You die...

##.....................#
#.....[.##.............#
#.##.[........#...#...##
#.##.[............#####
#.#[...............###
.)<)............##...##
#....#...#.......#.(..#
##..##...#.......#....###
#...###..##.....@>.ยง....#
.....#########...####..##
....## ###.# #### ##.##
### ###


There were no monsters in sight!

Vanquished Creatures
  A hornet (D:6)
  A steam dragon (D:7)
  2 water moccasins (D:7)
  3 sky beasts
  3 ice beasts
  A black bear (D:6)
  4 orc warriors
  2 necrophages
  A centaur (D:6)
  A phantom (D:7)
  A bullfrog (D:6)
  2 scorpions
  2 water moccasin zombies (D:5)
  A wyvern skeleton (D:5)
  A water moccasin skeleton (D:6)
  6 killer bees (D:5)
  4 wights (D:8)
  A bullfrog zombie (D:5)
  5 hounds
  A jelly (D:4)
  A gnoll shaman (D:7)
  5 orc priests
  A centaur skeleton (D:4)
  3 iguanas
  Ijyb (D:5)
  6 orc wizards
  4 gnolls
  8 adders
  A shadow imp (D:6)
  2 white imps
  2 ufetubi
  A dart slug (D:5)
  23 orcs
  4 bats
  8 endoplasms
  3 giant cockroaches
  6 goblins
  7 hobgoblins
  5 jackals
  6 kobolds
  5 quokkas
  6 ball pythons
  5 frilled lizards
  23 rats
179 creatures vanquished.

Vanquished Creatures (collateral kills)
  An iguana (D:7)
1 creature vanquished.

Vanquished Creatures (others)
  35 fungi (D:8)
  57 plants
92 creatures vanquished.

Grand Total: 272 creatures vanquished

Notes
Turn   | Place    | Note
-------+----------+-------------------------------------------
     0 | D:1      | klau3 the Minotaur Berserker began the quest for the Orb.
     0 | D:1      | Reached XP level 1. HP: 19/19 MP: 0/0
   294 | D:1      | Reached XP level 2. HP: 27/27 MP: 1/1
   322 | D:1      | Found a faded altar of an unknown god.
   326 | D:1      | Reached skill level 4 in Axes
   511 | D:1      | Reached XP level 3. HP: 30/33 MP: 2/2
  1224 | D:2      | Reached XP level 4. HP: 10/41 MP: 3/3
  1228 | D:2      | HP: 1/41 [poisoned by an adder]
  1731 | D:2      | Reached skill level 5 in Axes
  1745 | D:2      | Reached ** piety under Trog
  1987 | D:3      | Found a hide-covered altar of Uskayaw.
  2243 | D:3      | Reached XP level 5. HP: 47/47 MP: 4/4
  3092 | D:4      | Found a staircase to the Ecumenical Temple.
  3171 | D:4      | Reached skill level 5 in Fighting
  3171 | D:4      | Reached skill level 6 in Axes
  3243 | D:4      | Reached XP level 6. HP: 56/56 MP: 5/5
  3282 | D:4      | Reached *** piety under Trog
  3600 | D:5      | Entered Level 5 of the Dungeon
  3600 | D:5      | Noticed an ice beast
  3604 | D:5      | Killed an ice beast
  3638 | D:5      | Reached skill level 7 in Axes
  3638 | D:5      | Reached skill level 1 in Stealth
  3638 | D:5      | Reached XP level 7. HP: 61/61 MP: 6/6
  3647 | D:5      | Noticed Ijyb
  3661 | D:5      | Killed Ijyb
  3836 | D:5      | Reached skill level 5 in Armour
  3848 | D:5      | Reached skill level 8 in Axes
  3998 | D:5      | Reached skill level 1 in Shields
  4006 | D:5      | Reached XP level 8. HP: 70/70 MP: 7/7
  4065 | D:5      | Reached skill level 9 in Axes
  4887 | D:6      | Reached skill level 10 in Axes
  5086 | D:6      | Noticed a hornet
  5094 | D:6      | Killed a hornet
  5098 | D:6      | Reached XP level 9. HP: 79/79 MP: 8/8
  5410 | D:6      | Reached skill level 11 in Axes
  5715 | D:6      | Found Vimmetal's Antique Weapon Shoppe.
  5837 | D:7      | Reached **** piety under Trog
  7076 | D:8      | Noticed Psyche
  7166 | D:7      | Slain by Psyche

Illustrated notes

Levels and vault maps discovered:
D:1:      wheals_arrival_shading, layout_basic,
          dreamdust_ecumenical_altar_statues, minmay_misc_feat_alley,
          chequers_arboretum
D:2:      layout_rooms
D:3:      wad_woods_pond, layout_basic, nicolae_uskayaw_murder_on_the_dancefloor
D:4:      layout_cave_pools, minmay_temple_entry_statues_fountains,
          minmay_misc_feat_hallway, minmay_rat_hole
D:5:      layout_loops_cross, uniq_ijyb
D:6:      layout_basic, serial_shops, nicolae_stop_n_shop_1
D:7:      layout_cave_pools
D:8:      layout_loops_ring, due_lair_maze_entry_diamond, enter_bailey_7,
          uniq_psyche

Skill      XL: |  1  2  3  4  5  6  7  8  9 |
---------------+----------------------------+-----
Axes           | 4 5 6 7 8 10 11 | 11.8
Fighting       | 4 5 6 7 8 |  8.7
Armour         | 3 4 5 6 8 |  8.0
Dodging        | 3 |  3.6
Stealth        | 1 |  1.3
Shields        | 1 4 |  4.5
Evocations     | |  0.4

Action                   |  1- 3 |  4- 6 |  7- 9 || total
-------------------------+-------+-------+-------++-------
Melee: Hand axe          |    72 |   122 |   262 ||   456
       Headbutt          |     3 |    13 |    47 ||    63
Invok: Berserk           |     7 |     8 |    11 ||    26
       Trog's Hand       |       |       |     5 ||     5
       Brothers in Arms  |       |       |     1 ||     1
Evoke: Wand              |       |       |     3 ||     3
  Use: Scroll            |       |       |     1 ||     1
Armor: Animal skin       |     8 |       |       ||     8
       Leather armour    |    12 |     3 |       ||    15
       Plate armour      |       |    68 |   142 ||   210
Dodge: Dodged            |    63 |    45 |    89 ||   197
Block: Buckler           |       |     8 |    49 ||    57
